 Dungeon Crawl Stone Soup version 0.31-a0-986-g5e6e4ef867 (webtiles) character file.

Game seed: 18227139239639352802

4650 jlumianski the Grappler (level 10, 0/68 HPs)
             Began as a Gnoll Shapeshifter on Nov 5, 2023.
             Was a Priest of Hepliaklqana.
             Slain by Snorg (16 damage)
             ... on level 10 of the Dungeon on Nov 7, 2023.
             The game lasted 00:33:47 (7658 turns).

jlumianski the Grappler (Gnoll Shapeshifter)        Turns: 7658, Time: 00:33:48

Health: 0/68       AC: 14    Str: 22    XL:     10   Next: 43%
Magic:  18/18      EV:  8    Int:  9    God:    Hepliaklqana [***...]
Gold:   696        SH:  0    Dex: 12    Spells: 19/19 levels left

rFire   . .          .
                       - Unarmed
rCold   + . .        (no shield)
rNeg    . . .        x - +0 plate armour
rPois   .            (helmet currently unavailable)
rElec   .            (cloak currently unavailable)
rCorr   .            (gloves currently unavailable)
SInv    .            (boots currently unavailable)
Will    .....        (no amulet) Stlth
                     y - +4 ring of slaying
HPRegen 0.31/turn    o - +6 ring of strength
MPRegen 0.16/turn

%: no passive effects
@: beast-form
A: beast (slay +4), reduced essence, fangs 1, strong nose, distributed training,
iridescent scales 1, cold resistance 1, weak 1
a: Begin Untransformation, Renounce Religion, Recall Ancestor, Ancestor
Identity, Transference


You were on level 10 of the Dungeon.
You worshipped Hepliaklqana.
Hepliaklqana was most pleased with you.
You were a hulking beast.
You visited 2 branches of the dungeon, and saw 11 of its levels.

You collected 696 gold pieces.

Inventory:

Hand Weapons
 e - a +1 spear of venom
 t - a +0 short sword of draining
 w - a +0 rapier
 E - a +2 whip of electrocution
 F - a +5 dagger
Missiles
 l - 8 boomerangs
 n - a throwing net
 r - 3 poisoned darts (quivered)
 A - 3 atropa-tipped darts
 G - a curare-tipped dart
Armour
 a - a +0 animal skin
 f - a +0 leather armour
 p - a +0 kite shield
 q - a +0 scale mail
 x - a +0 plate armour (worn)
Jewellery
 k - a ring of resist corrosion
 m - a ring of wizardry
 o - a +6 ring of strength (right hand)
 y - a +4 ring of slaying (left hand)
 B - a ring of see invisible
Talismans
 c - a beast talisman (active)
 d - a flux talisman
 u - a blade talisman
Scrolls
 g - a scroll of noise
 i - a scroll of poison
 v - 3 scrolls of teleportation
 z - 2 scrolls of fear
 D - a scroll of enchant weapon
 J - a scroll of fog {unknown}
 K - a scroll of blinking
Potions
 b - a potion of lignification
 h - 4 potions of curing
 j - a potion of mutation
 s - a potion of berserk rage
 C - a potion of ambrosia
 H - a potion of invisibility {unknown}
 I - a potion of might {unknown}


   Skills:
 + Level 6.0 Fighting
 + Level 5.3 Short Blades
 + Level 5.3 Long Blades
 + Level 5.3 Axes
 + Level 5.3 Maces & Flails
 + Level 5.3 Polearms
 + Level 5.3 Staves
 + Level 5.3 Ranged Weapons
 + Level 5.3 Throwing
 + Level 5.3 Armour
 + Level 7.1 Dodging
 + Level 5.3 Stealth
 + Level 5.3 Shields
 + Level 8.5 Unarmed Combat
 + Level 5.3 Spellcasting
 + Level 4.4 Conjurations
 + Level 4.4 Hexes
 + Level 4.4 Summonings
 + Level 4.4 Necromancy
 + Level 4.4 Translocations
 + Level 4.4 Transmutations
 + Level 4.4 Fire Magic
 + Level 4.4 Ice Magic
 + Level 4.4 Air Magic
 + Level 4.4 Earth Magic
 + Level 4.4 Poison Magic
 + Level 5.9 Invocations
 + Level 5.3 Evocations
 + Level 8.2 Shapeshifting


You had 19 spell levels left.
You didn't know any spells.
Your spell library contained the following spells:

 Spells                   Type           Power      Damage    Failure   Level
 Freeze                   Ice            40%        1d6       58%         1
 Sublimation of Blood     Necr           10%        N/A       73%         2
 Wereblood                Tmut           10%        N/A       73%         2
 Frozen Ramparts          Ice            20%        1d4       91%         3
 Hailstorm                Conj/Ice       10%        3d5       91%         3
 Summon Hydra             Summ           5%         N/A       100%        7


Dungeon Overview and Level Annotations

Branches:
Dungeon (10/15)            Temple (1/1) D:5             Orc (0/2) D:10
   Lair: D:8-11

Altars:
Ashenzari
Cheibriados
Dithmenos
Elyvilon
Fedhas
Gozag
Hepliaklqana
Kikubaaqudgha
Makhleb
Nemelex Xobeh
Okawaru
Qazlal
Ru
Sif Muna
Trog
Uskayaw
Vehumet
Wu Jian
Xom
Yredelemnul
Zin
The Shining One

Annotations:
D:10 Snorg


Innate Abilities, Weirdness & Mutations

You are a hulking beast.
Your limbs bulge with bestial killing power. (Slay +4)
Your life essence is reduced to manifest your ancestor. (-10% HP)
You have very sharp teeth.
Your uncanny sense of smell can sniff out nearby items.
Your experience applies equally to all skills.
You are partially covered in iridescent scales. (AC +2)
Your flesh is cold resistant. (rC+)
You are weak. (Str -2)


Message History

Snorg goes berserk!
Throw: 5 darts (poison)
Press: ? - help, Q - select action, (/) - cycle Shift-Dir - straight line, f/p - Snorg
Aim: Snorg (berserk, ally target, 69% to hit)
You throw a poisoned dart. The poisoned dart hits Snorg!
Snorg is poisoned.
Tertia gestures at Snorg while chanting.
The stone arrow hits Snorg!
Throw: 4 darts (poison)
Press: ? - help, Q - select action, (/) - cycle Shift-Dir - straight line, f/p - Snorg
Aim: Snorg (lightly wounded, berserk, not watching you, very poisoned, ally target, 69% to hit)
You throw a poisoned dart. The poisoned dart closely misses Snorg.
Tertia completely misses Snorg.
You hit Snorg. You bite Snorg.
Snorg is lightly wounded.
Snorg barely misses you. Snorg claws you. Snorg barely misses you.
Tertia hits Snorg with a +0 quarterstaff.
You punch Snorg! You bite Snorg.
Snorg is moderately wounded.
Snorg barely misses you. x3; Snorg bites you!!
Snorg claws you but does no damage. Snorg claws you.
You barely miss Snorg. Your punch misses Snorg.
Snorg is moderately wounded.
Tertia hits Snorg with a +0 quarterstaff!!
Snorg bites Tertia!
Snorg barely misses Tertia.
Snorg claws Tertia.
You strike the helpless Snorg from behind!
You punch Snorg!
Snorg is heavily wounded.
Tertia hits Snorg with a +0 quarterstaff.
Snorg bites you but does no damage. Snorg completely misses you.
Snorg claws you!
You barely miss Snorg.
Snorg is heavily wounded.
Snorg bites you but does no damage. Snorg claws you. Snorg claws you!
* * * LOW HITPOINT WARNING * * *
Tertia hits Snorg with a +0 quarterstaff!
You punch Snorg!
Snorg is severely wounded.
Snorg bites you but does no damage. Snorg claws you but does no damage.
Snorg claws you!
You die...

#.... #..............
#....##..............
#....................
#....................
#.........##...##....
#.........##...# ####
#..............#
#...##.R......# #..
#Th......#
#....?........#
#...(.........#
+(.>........!.#
#.......?.....#
#.............#
#...##...###..# ####
#.(.# +##


You could see the friendly Tertia the battlemage and Snorg (berserk, poisoned,
ally target).

Vanquished Creatures
  A gargoyle (D:7)
  A steam dragon (D:8)
  An acid dragon (D:10)
  An ice beast (D:5)
  A black bear (D:4)
  An orc warrior (D:8)
  2 ogres (D:4)
  2 wolves (D:10)
  2 centaurs (D:9)
  A phantom (D:5)
  2 kobold brigands
  A scorpion (D:6)
  A wight (D:8)
  5 killer bees (D:8)
  4 howler monkeys
  A jelly (D:5)
  A bullfrog zombie (D:4)
  4 hounds
  Jessica (D:2)
  2 iguanas (D:4)
  An orc wizard (D:3)
  Natasha (twice) (D:1)
  2 hound zombies (D:4)
  9 gnolls
  9 adders
  2 white imps
  An adder zombie (D:4)
  A worm (D:3)
  5 dart slugs
  6 orcs
  3 bats
  5 endoplasms
  6 giant cockroaches
  13 goblins
  7 hobgoblins
  9 jackals
  6 quokkas
  10 ball pythons
  4 frilled lizards
  10 kobolds
  A quokka zombie (D:4)
  9 rats
156 creatures vanquished.

Vanquished Creatures (collateral kills)
  A two-headed ogre (D:7)
  A troll (D:10)
  A wyvern (D:8)
  A vampire (D:10)
  A water moccasin (D:6)
  An orc warrior (D:8)
  An ice beast (D:6)
  2 sky beasts
  A phantom (D:5)
  A kobold brigand (D:8)
  A bullfrog (D:9)
  A wight (D:8)
  A hound (D:7)
  2 gnoll boudas
  2 orc wizards (D:8)
  7 gnolls
  An adder (D:6)
  3 orcs (D:8)
  5 kobolds
34 creatures vanquished.

Vanquished Creatures (others)
  3 battlemagi
3 creatures vanquished.

Grand Total: 193 creatures vanquished

Notes
Turn   | Place    | Note
-------+----------+-------------------------------------------
     0 | D:1      | jlumianski the Gnoll Shapeshifter began the quest for the
                  | Orb.
     0 | D:1      | Reached XP level 1. HP: 17/17 MP: 1/1
   109 | D:1      | Reached XP level 2. HP: 22/23 MP: 2/2
   142 | D:2      | Noticed Natasha
   283 | D:1      | Reached XP level 3. HP: 28/28 MP: 3/3
   495 | D:1      | Reached skill level 1 in Invocations
   679 | D:1      | Killed Natasha
   680 | D:1      | Reached skill level 1 in Short Blades
   680 | D:1      | Reached skill level 1 in Long Blades
   680 | D:1      | Reached skill level 1 in Axes
   680 | D:1      | Reached skill level 1 in Maces & Flails
   680 | D:1      | Reached skill level 1 in Polearms
   680 | D:1      | Reached skill level 1 in Staves
   680 | D:1      | Reached skill level 1 in Ranged Weapons
   680 | D:1      | Reached skill level 1 in Throwing
   680 | D:1      | Reached skill level 1 in Armour
   680 | D:1      | Reached skill level 1 in Stealth
   680 | D:1      | Reached skill level 1 in Shields
   680 | D:1      | Reached skill level 1 in Spellcasting
   680 | D:1      | Reached skill level 1 in Evocations
   680 | D:1      | Reached XP level 4. HP: 14/34 MP: 5/5
   816 | D:1      | Reached skill level 1 in Conjurations
   816 | D:1      | Reached skill level 1 in Hexes
   816 | D:1      | Reached skill level 1 in Summonings
   816 | D:1      | Reached skill level 1 in Necromancy
   816 | D:1      | Reached skill level 1 in Translocations
   816 | D:1      | Reached skill level 1 in Transmutations
   816 | D:1      | Reached skill level 1 in Fire Magic
   816 | D:1      | Reached skill level 1 in Ice Magic
   816 | D:1      | Reached skill level 1 in Air Magic
   816 | D:1      | Reached skill level 1 in Earth Magic
   816 | D:1      | Reached skill level 1 in Poison Magic
   942 | D:1      | Noticed Natasha
   951 | D:1      | Killed Natasha
   952 | D:1      | Reached XP level 5. HP: 15/40 MP: 5/7
  1060 | D:2      | Noticed Jessica
  1071 | D:2      | Killed Jessica
  1759 | D:3      | Reached XP level 6. HP: 46/47 MP: 8/8
  2441 | D:3      | Gained mutation: You are weak. (Str -2) [potion of
                  | mutation]
  2441 | D:3      | Gained mutation: Your flesh is cold resistant. (rC+)
                  | [potion of mutation]
  2441 | D:3      | Gained mutation: You are partially covered in iridescent
                  | scales. (AC +2) [potion of mutation]
  2628 | D:4      | Reached skill level 5 in Dodging
  2781 | D:5      | Entered Level 5 of the Dungeon
  2794 | D:4      | Noticed a black bear
  2889 | D:4      | Killed a black bear
  2890 | D:4      | Reached XP level 7. HP: 13/52 MP: 10/10
  3232 | D:5      | Found a staircase to the Ecumenical Temple.
  3237 | Temple   | Entered the Ecumenical Temple
  3286 | Temple   | Became a worshipper of Hepliaklqana the Forgotten
  3637 | D:4      | Found a glowing silver altar of Zin.
  3639 | D:4      | Found a snail-covered altar of Cheibriados.
  3710 | D:4      | Reached XP level 8. HP: 56/60 MP: 12/12
  3934 | D:4      | Reached * piety under Hepliaklqana
  4051 | D:4      | Found a basalt altar of Yredelemnul.
  4896 | D:6      | Reached ** piety under Hepliaklqana
  4897 | D:6      | Remembered your ancestor Tertia as a battlemage
  5131 | D:7      | Noticed a gargoyle
  5556 | D:8      | Reached XP level 9. HP: 10/59 MP: 14/14
  5581 | D:8      | HP: 4/90 [something (6)]
  5824 | D:7      | Found a stormy altar of Qazlal.
  5869 | D:7      | Killed a gargoyle
  5870 | D:7      | Reached skill level 5 in Fighting
  6050 | D:7      | Found an iron altar of Okawaru.
  6461 | D:8      | Reached skill level 5 in Invocations
  6557 | D:8      | Noticed a two-headed ogre
  6669 | D:7      | Killed a two-headed ogre
  6670 | D:7      | Reached skill level 5 in Short Blades
  6670 | D:7      | Reached skill level 5 in Long Blades
  6670 | D:7      | Reached skill level 5 in Axes
  6670 | D:7      | Reached skill level 5 in Maces & Flails
  6670 | D:7      | Reached skill level 5 in Polearms
  6670 | D:7      | Reached skill level 5 in Staves
  6670 | D:7      | Reached skill level 5 in Ranged Weapons
  6670 | D:7      | Reached skill level 5 in Throwing
  6670 | D:7      | Reached skill level 5 in Armour
  6670 | D:7      | Reached skill level 5 in Stealth
  6670 | D:7      | Reached skill level 5 in Shields
  6670 | D:7      | Reached skill level 5 in Spellcasting
  6670 | D:7      | Reached skill level 5 in Evocations
  6670 | D:7      | Reached XP level 10. HP: 68/68 MP: 15/17
  6979 | D:9      | Reached *** piety under Hepliaklqana
  7006 | D:10     | Entered Level 10 of the Dungeon
  7644 | D:10     | Found a staircase to the Orcish Mines.
  7647 | D:10     | Noticed Snorg
  7658 | D:10     | Slain by Snorg

Illustrated notes

Levels and vault maps discovered:
D:1:      dpeg_arrival_stonehenge_12_columns, layout_basic
D:2:      layout_basic, minmay_misc_feat_four_crosses, uniq_jessica,
          uniq_natasha
D:3:      layout_basic
D:4:      layout_basic, mainiacjoe_overflow_catwalk_spiral,
          nicolae_yredelemnul_corpse_copse
D:5:      layout_gridville, temple_doors_e, portal_sewer_entry_f
D:6:      layout_gridville
D:7:      layout_loops_corners, mainiacjoe_overflow_catch_the_wave
D:8:      minmay_spotlight, layout_basic, interstate_on_off
D:9:      layout_cave_pods
D:10:     layout_gridville, erik_lair_island, orc_0_dummy, serial_shops,
          nicolae_lakefront_shop, uniq_snorg
Temple:   minmay_crystal_spiral_temple

Skill      XL: |  1  2  3  4  5  6  7  8  9 10 |
---------------+-------------------------------+-----
Invocations    | 1 2 3 4 5 |  5.9
Short Blades   | 1 2 3 5 |  5.3
Long Blades    | 1 2 3 5 |  5.3
Axes           | 1 2 3 5 |  5.3
Maces & Flails | 1 2 3 5 |  5.3
Polearms       | 1 2 3 5 |  5.3
Staves         | 1 2 3 5 |  5.3
Ranged Weapons | 1 2 3 5 |  5.3
Throwing       | 1 2 3 5 |  5.3
Armour         | 1 2 3 5 |  5.3
Stealth        | 1 2 3 5 |  5.3
Shields        | 1 2 3 5 |  5.3
Spellcasting   | 1 2 3 5 |  5.3
Evocations     | 1 2 3 5 |  5.3
Conjurations   | 1 2 3 4 |  4.4
Hexes          | 1 2 3 4 |  4.4
Summonings     | 1 2 3 4 |  4.4
Necromancy     | 1 2 3 4 |  4.4
Translocations | 1 2 3 4 |  4.4
Transmutations | 1 2 3 4 |  4.4
Fire Magic     | 1 2 3 4 |  4.4
Ice Magic      | 1 2 3 4 |  4.4
Air Magic      | 1 2 3 4 |  4.4
Earth Magic    | 1 2 3 4 |  4.4
Poison Magic   | 1 2 3 4 |  4.4
Fighting       | 3 4 5 6 |  6.0
Dodging        | 5 6 7 |  7.1
Unarmed Combat | 7 8 |  8.5
Shapeshifting  | 7 8 |  8.2

Action                     |  1- 3 |  4- 6 |  7- 9 | 10-12 || total
---------------------------+-------+-------+-------+-------++-------
  Melee: Unarmed           |    58 |   124 |   204 |    44 ||   430
         Punch             |     4 |     2 |     6 |     1 ||    13
         Bite              |     3 |    10 |    16 |     8 ||    37
  Throw: Boomerang         |       |     6 |     8 |       ||    14
         Dart              |       |       |     2 |     3 ||     5
 Invoke: Ancestor Life: Ba |       |       |     1 |       ||     1
         Recall Ancestor   |       |       |       |     2 ||     2
    Use: Scroll            |       |     5 |     3 |     2 ||    10
         Potion            |       |     4 |     5 |     1 ||    10
   Stab: Distracted        |       |       |       |     1 ||     1
 Armour: Leather armour    |    27 |    17 |       |       ||    44
         Animal skin       |     1 |       |       |       ||     1
         Scale mail        |       |    42 |    58 |       ||   100
         Skin              |       |    34 |    30 |       ||    64
         Plate armour      |       |       |    81 |    63 ||   144
  Dodge: Dodged            |    34 |    71 |    99 |    32 ||   236
   Form: Beast             |       |       |     1 |       ||     1
         Flux              |       |       |     1 |       ||     1

Table legend: (Time is in decaauts)
 A = Elapsed time spent in this place.
 B = Non-inter-level travel time spent in this place.
 C = Inter-level travel time spent in this place.
 D = Time resting spent in this place.
 E = Time spent auto-exploring this place.
 F = Levels seen in this place.
 G = Mean time per level.
                   A        B        C        D        E       F      G
               +--------+--------+--------+--------+--------+-----+--------+
         Total |   7649 |   7483 |    166 |   1068 |   3755 |  11 |  695.4 |
       Dungeon |   7540 |   7374 |    166 |   1068 |   3755 |  10 |  754.0 |
        Temple |    108 |    108 |      0 |      0 |      0 |   1 |  108.0 |
               +--------+--------+--------+--------+--------+-----+--------+

Top non-repeatable levels by time:
     D:7: 1236 daAuts
     D:4: 1106 daAuts
     D:1: 977 daAuts
     D:3: 960 daAuts
     D:5: 880 daAuts
     D:6: 663 daAuts
     D:2: 590 daAuts
     D:9: 539 daAuts
     D:8: 397 daAuts
    D:10: 188 daAuts
  Temple: 108 daAuts
